 Dungeon Crawl Stone Soup version 0.22.1-2-g9c5b331 (webtiles) character file.

487 Goblin1989 the Ducker (level 7, 0/56 HPs)
             Began as a Gnoll Gladiator on Nov 23, 2018.
             Was an Initiate of Gozag.
             Slain by Prince Ribbit (16 damage)
             ... on level 5 of the Dungeon.
             The game lasted 00:10:30 (4978 turns).

Goblin1989 the Ducker (Gnoll Gladiator)             Turns: 4978, Time: 00:10:31

Health: 0/56       AC:  9    Str: 16    XL:     7   Next: 13%
Magic:  10/10      EV: 10    Int: 12    God:    Gozag
Gold:   303        SH:  0    Dex: 17    Spells: 10/10 levels left

rFire    . . .     SeeInvis .   a - +0 war axe
rCold    . . .     Gourm    .   (no shield)
rNeg     . . .     Faith    .   I - +0 chain mail (curse)
rPois    .         Spirit   .   c - +0 helmet
rElec    .         Reflect  .   H - scarf {cloud immunity}
rCorr    .         Harm     .   (no gloves)
MR       .....                  (no boots)
Stlth    ..........             (no amulet)
HPRegen  0.18/turn              (no ring)
MPRegen  0.12/turn              (no ring)

@: no status effects
A: distributed training, fangs 1, strong nose
a: Potion Petition, Call Merchant, Bribe Branch, Renounce Religion


You were on level 5 of the Dungeon.
You worshipped Gozag.
Gozag was aware of your devotion.
You were not hungry.

You visited 2 branches of the dungeon, and saw 6 of its levels.

You collected 405 gold pieces.
You spent 35 gold pieces at shops.
You paid 67 gold pieces to Gozag.

Inventory:

Hand Weapons
 a - a +0 war axe (weapon)
 w - a +0 blowgun {@w1}
 A - a +1 vampiric dagger
 E - a +0 hand axe of venom
 N - a +0 whip
Missiles
 y - 4 curare-tipped needles
 z - 15 arrows
 V - 71 bolts
 W - 201 stones {@Q3}
 Z - 3 throwing nets (quivered) {!d , @Q1}
Armour
 b - a +0 leather armour
 c - a +0 helmet (worn)
 H - a scarf of cloud immunity (worn)
 I - a cursed +0 chain mail (worn)
Scrolls
 F - a scroll of random uselessness {unknown}
 G - 2 scrolls of blinking {unknown}
 K - a scroll of vulnerability {unknown}
 L - 2 scrolls of enchant weapon {unknown}
 P - 5 scrolls of fear {unknown}
 Q - 3 scrolls of amnesia {unknown}
 R - a scroll of immolation {unknown}
 T - 3 scrolls of remove curse {unknown}
 Y - 8 scrolls of identify {unknown}
Potions
 B - a potion of haste {unknown}
 C - a potion of cancellation
 D - a potion of flight {unknown}
 J - 3 potions of agility {unknown}
 M - a potion of magic {unknown}
 O - a potion of heal wounds {unknown}
 S - 3 potions of curing {@q1}
 U - a potion of invisibility {unknown}
 X - 2 potions of lignification {unknown}
Comestibles
 e - a ration


   Skills:
 + Level 5.1 Fighting
 + Level 2.2 Short Blades
 + Level 2.2 Long Blades
 + Level 6.9 Axes
 + Level 2.2 Maces & Flails
 + Level 2.2 Polearms
 + Level 2.2 Staves
 + Level 2.2 Slings
 + Level 2.2 Bows
 + Level 2.2 Crossbows
 + Level 5.1 Throwing
 + Level 2.2 Armour
 + Level 6.9 Dodging
 + Level 2.2 Stealth
 + Level 2.2 Shields
 + Level 2.2 Unarmed Combat
 + Level 2.2 Spellcasting
 + Level 1.8 Conjurations
 + Level 1.8 Hexes
 + Level 1.8 Charms
 + Level 1.8 Summonings
 + Level 1.8 Necromancy
 + Level 1.8 Translocations
 + Level 1.8 Transmutations
 + Level 1.8 Fire Magic
 + Level 1.8 Ice Magic
 + Level 1.8 Air Magic
 + Level 1.8 Earth Magic
 + Level 1.8 Poison Magic
 + Level 2.5 Invocations
 + Level 2.2 Evocations


You had 10 spell levels left.
You didn't know any spells.
Your spell library contained the following spells:

 Spells                   Type           Power        Failure   Level  Hunger
 Magic Dart               Conj           #...         93%         1    ##.....
 Searing Ray              Conj           #.....       98%         2    ###....
 Dazzling Spray           Conj/Hex       #.....       100%        3    ####...
 Force Lance              Conj/Tloc      #.......     100%        4    #####..
 Fulminant Prism          Conj/Hex       #.........   100%        4    #####..
 Iskenderun's Mystic Bla  Conj           #.......     100%        4    #####..


Dungeon Overview and Level Annotations

Branches:
Dungeon (5/15)             Temple (1/1) D:4

Altars:
Ashenzari
Cheibriados
Dithmenos
Elyvilon
Fedhas
Gozag
Hepliaklqana
Kikubaaqudgha
Makhleb
Nemelex Xobeh
Okawaru
Qazlal
Sif Muna
Trog
Uskayaw
Vehumet
Wu Jian
Xom
Yredelemnul
Zin
The Shining One

Shops:
D:5 *

Annotations:
D:3 Sigmund
D:5 Prince Ribbit


Innate Abilities, Weirdness & Mutations

Your experience applies equally to all skills.
You have very sharp teeth.
Your uncanny sense of smell can sniff out nearby items.


Message History

Unknown command.
Unknown command.
Unknown command.
Unknown command.
You are now empty-handed.
There is an open door here.
You open the door.
There is an open door here.
There is an open door here.
Things that are here:
a leather armour; a club; a ring mail As you open the door, it creaks loudly!
There is an open door here.
There is an open door here.
There is an open door here.
You open the door.
Prince Ribbit gives a loud, deep croak!
Prince Ribbit hops awkwardly around.
Prince Ribbit blinks!
Prince Ribbit is too close now for your liking.
a - a +0 war axe (weapon)
You are now empty-handed.
Prince Ribbit hits you.
You take 3 damage, and have 53/56 hp.
a - a +0 war axe (weapon)
Your chain mail prevents you from hitting Prince Ribbit.
Prince Ribbit closely misses you.
Prince Ribbit catches a moth with his tongue.
Prince Ribbit barely misses you.
You closely miss Prince Ribbit. Prince Ribbit hits you.
Prince Ribbit croaks regally.
Prince Ribbit barely misses you.
You take 4 damage, and have 49/56 hp.
Your chain mail prevents you from hitting Prince Ribbit.
You bite Prince Ribbit.
Prince Ribbit is lightly wounded.
Prince Ribbit blinks!
You miss Prince Ribbit.
Prince Ribbit is lightly wounded.
Prince Ribbit hits you but does no damage.
Prince Ribbit misses you.
You miss Prince Ribbit. Your punch misses Prince Ribbit.
Prince Ribbit is lightly wounded.
Prince Ribbit barely misses you.
You miss Prince Ribbit. You bite Prince Ribbit.
Prince Ribbit is lightly wounded.
Prince Ribbit hits you. Prince Ribbit barely misses you.
You take 1 damage, and have 49/56 hp.
You miss Prince Ribbit.
Prince Ribbit is lightly wounded.
Prince Ribbit hits you!
Prince Ribbit hits you but does no damage.
You take 7 damage, and have 42/56 hp.
You barely miss Prince Ribbit.
Prince Ribbit is lightly wounded.
Prince Ribbit blinks!
Prince Ribbit blinks!
There is an open door here.
Prince Ribbit lets out a mournful croak.
You slash Prince Ribbit!
You bite Prince Ribbit, but do no damage.
Prince Ribbit is heavily wounded.
Prince Ribbit hits you. Prince Ribbit hits you!
You take 13 damage, and have 30/56 hp.
MASSIVE DAMAGE!!
You are too injured to fight recklessly!
You are too injured to fight recklessly!
You are too injured to fight recklessly!
You are too injured to fight recklessly!
You are too injured to fight recklessly!
You are too injured to fight recklessly!
You are too injured to fight recklessly!
You are too injured to fight recklessly!
You are too injured to fight recklessly!
You are too injured to fight recklessly!
You are too injured to fight recklessly!
You are too injured to fight recklessly!
You are too injured to fight recklessly!
You are too injured to fight recklessly!
You are too injured to fight recklessly!
You are too injured to fight recklessly!
You are too injured to fight recklessly!
You are too injured to fight recklessly!
You are too injured to fight recklessly!
You miss Prince Ribbit.
Prince Ribbit is heavily wounded.
Prince Ribbit hits you.
* * * LOW HITPOINT WARNING * * *
You take 6 damage, and have 24/56 hp.
You miss Prince Ribbit.
Prince Ribbit is heavily wounded.
Prince Ribbit hits you but does no damage.
Prince Ribbit hits you!
* * * LOW HITPOINT WARNING * * *
You take 9 damage, and have 15/56 hp.
You slash Prince Ribbit!
Prince Ribbit is severely wounded.
Prince Ribbit sighs, "It's not easy being green!"
Prince Ribbit mumbles some strange words.
Prince Ribbit looks slightly unstable.
Prince Ribbit hits you!
You die...
Your body crumbles into a pile of gold. █████████████████████

█....█...............
█..F@∆...............
█....█...............
█....████████████████
█....█..........████.
███████..........█..█.
█................█..█.
█................∆..█<
█................█..█.
█................████.


You could see Prince Ribbit.

Vanquished Creatures
  A water moccasin (D:5)
  A bullfrog zombie (D:4)
  An orc priest (D:5)
  2 hounds (D:4)
  An iguana (D:4)
  A worker ant (D:5)
  A hound skeleton (D:4)
  Robin (D:2)
  9 adders
  A shadow imp (D:5)
  2 worms (D:2)
  5 leopard geckos
  9 orcs
  A giant cockroach (D:3)
  11 goblins
  7 hobgoblins
  9 jackals
  6 quokkas
  3 ball pythons (D:5)
  8 bats
  3 frilled lizards
  A jackal skeleton (D:5)
  A jackal zombie (D:5)
  2 kobolds
  A leopard gecko skeleton (D:4)
  A leopard gecko zombie (D:5)
  8 rats
97 creatures vanquished.

Notes
Turn   | Place    | Note
-------+----------+-------------------------------------------
     0 | D:1      | Goblin1989 the Gnoll Gladiator began the quest for the Orb.
     0 | D:1      | Reached XP level 1. HP: 20/20 MP: 1/1
   268 | D:1      | Reached XP level 2. HP: 26/26 MP: 2/2
   908 | D:2      | Reached XP level 3. HP: 23/31 MP: 3/3
  1387 | D:2      | Reached skill level 1 in Invocations
  1387 | D:2      | Noticed Robin
  1597 | D:2      | You fall through a shaft for 2 floors!
  1641 | D:4      | Reached skill level 1 in Short Blades
  1641 | D:4      | Reached skill level 1 in Long Blades
  1641 | D:4      | Reached skill level 1 in Maces & Flails
  1641 | D:4      | Reached skill level 1 in Polearms
  1641 | D:4      | Reached skill level 1 in Staves
  1641 | D:4      | Reached skill level 1 in Slings
  1641 | D:4      | Reached skill level 1 in Bows
  1641 | D:4      | Reached skill level 1 in Crossbows
  1641 | D:4      | Reached skill level 1 in Armour
  1641 | D:4      | Reached skill level 1 in Stealth
  1641 | D:4      | Reached skill level 1 in Shields
  1641 | D:4      | Reached skill level 1 in Unarmed Combat
  1641 | D:4      | Reached skill level 1 in Spellcasting
  1641 | D:4      | Reached skill level 1 in Evocations
  1727 | D:2      | Reached XP level 4. HP: 36/38 MP: 5/5
  1738 | D:2      | Killed Robin
  2074 | D:3      | Reached skill level 1 in Conjurations
  2074 | D:3      | Reached skill level 1 in Hexes
  2074 | D:3      | Reached skill level 1 in Charms
  2074 | D:3      | Reached skill level 1 in Summonings
  2074 | D:3      | Reached skill level 1 in Necromancy
  2074 | D:3      | Reached skill level 1 in Translocations
  2074 | D:3      | Reached skill level 1 in Transmutations
  2074 | D:3      | Reached skill level 1 in Fire Magic
  2074 | D:3      | Reached skill level 1 in Ice Magic
  2074 | D:3      | Reached skill level 1 in Air Magic
  2074 | D:3      | Reached skill level 1 in Earth Magic
  2074 | D:3      | Reached skill level 1 in Poison Magic
  2355 | D:3      | Noticed Sigmund
  2652 | D:4      | Reached XP level 5. HP: 26/43 MP: 6/6
  2941 | D:4      | Reached XP level 6. HP: 41/50 MP: 8/8
  3537 | D:4      | Found a staircase to the Ecumenical Temple.
  3546 | Temple   | Entered the Ecumenical Temple
  3717 | Temple   | Became a worshipper of Gozag Ym Sagoz the Greedy
  3785 | D:5      | Entered Level 5 of the Dungeon
  3934 | D:5      | Found Ropn's Serpentskin Sales.
  3934 | D:5      | Noticed a water moccasin
  3943 | D:5      | Killed a water moccasin
  3943 | D:5      | Reached skill level 5 in Fighting
  3943 | D:5      | Reached skill level 5 in Throwing
  4416 | D:5      | Reached XP level 7. HP: 36/56 MP: 10/10
  4458 | D:5      | Noticed Prince Ribbit
  4851 | D:5      | Bought a +0 blowgun for 35 gold pieces
  4978 | D:5      | Slain by Prince Ribbit

Skill      XL: |  1  2  3  4  5  6 |
---------------+-------------------+-----
Invocations    | 1 2 |  2.5
Short Blades   | 1 2 |  2.2
Long Blades    | 1 2 |  2.2
Maces & Flails | 1 2 |  2.2
Polearms       | 1 2 |  2.2
Staves         | 1 2 |  2.2
Slings         | 1 2 |  2.2
Bows           | 1 2 |  2.2
Crossbows      | 1 2 |  2.2
Armour         | 1 2 |  2.2
Stealth        | 1 2 |  2.2
Shields        | 1 2 |  2.2
Unarmed Combat | 1 2 |  2.2
Spellcasting   | 1 2 |  2.2
Evocations     | 1 2 |  2.2
Conjurations   | 1 |  1.8
Hexes          | 1 |  1.8
Charms         | 1 |  1.8
Summonings     | 1 |  1.8
Necromancy     | 1 |  1.8
Translocations | 1 |  1.8
Transmutations | 1 |  1.8
Fire Magic     | 1 |  1.8
Ice Magic      | 1 |  1.8
Air Magic      | 1 |  1.8
Earth Magic    | 1 |  1.8
Poison Magic   | 1 |  1.8
Fighting       | 5 |  5.1
Throwing       | 5 |  5.1
Axes           | |  6.9
Dodging        | |  6.9

Action                   |  1- 3 |  4- 6 |  7- 9 || total
-------------------------+-------+-------+-------++-------
Melee: War axe           |   107 |   172 |    12 ||   291
       Bite              |    13 |    26 |     6 ||    45
       Punch             |       |     1 |       ||     1
       Hand axe          |       |       |     9 ||     9
  Use: Potion            |       |     3 |       ||     3
 Stab: Sleeping          |     4 |     1 |       ||     5
  Eat: Chunk             |     3 |     5 |       ||     8
       Ration            |       |     2 |       ||     2
Armor: Leather armour    |    29 |    11 |       ||    40
       Chain mail        |       |    68 |     6 ||    74
Dodge: Dodged            |   110 |   114 |    10 ||   234

Vault maps used:
D:1:      kennysheep_arrival_seaside, minmay_tetromino_o2
D:2:      uniq_robin
D:3:      uniq_sigmund
D:4:      minmay_temple_entry_poolview, serial_curves, eino_curves_02,
          eino_curves_02, eino_curves_01, eino_curves_01, first_ration,
          grunt_ministairs_13
D:5:      guppyfry_shop_venom, uniq_prince_ribbit1
Temple:   kilobyte_greek_temple
